 Dungeon Crawl Stone Soup version 0.31-a0-233-g139696dc86 (webtiles) character file.

Game seed: 15294122381439293803

49 qw the Shooter (level 3, 0/21 HPs)
             Began as a Gargoyle Hexslinger on July 8, 2023.
             Slain by a goblin
             ... wielding a +0 club
             ... led by Robin
              (3 damage)
             ... on level 2 of the Dungeon.
             The game lasted 00:00:33 (1464 turns).

qw the Shooter (Gargoyle Hexslinger)                Turns: 1464, Time: 00:00:33

Health: 0/21       AC:  9    Str: 11    XL:     3   Next: 75%
Magic:  4/4        EV: 10    Int: 13    God:
Gold:   102        SH:  0    Dex: 14    Spells: 3/4 levels left

rFire   . . .        Y - +2 sling
rCold   . . .        (no shield)
rNeg    + . .        k - +0 ring mail
rPois   inf          (no helmet)
rElec   +            (no cloak)
rCorr   .            b - +0 pair of gloves
SInv    .            (no boots)
Will    .....        (no amulet)
Stlth   +            (no ring)
HPRegen 0.23/turn    (no ring)
MPRegen 0.09/turn

%: no passive effects
@: no status effects
A: sickness immunity, AC +3, negative energy resistance 1, electricity
resistance, torment resistance 1, petrification resistance
a: no special abilities


You were on level 2 of the Dungeon.
You visited 1 branch of the dungeon, and saw 3 of its levels.

You collected 102 gold pieces.


Innate Abilities, Weirdness & Mutations

You are immune to sickness and miasma.
Your stone body is resilient. (AC +3)
You are immune to poison.
You resist negative energy. (rN+)
You are resistant to electric shocks. (rElec)
You are resistant to unholy torment.
You are immune to petrification.


   Skills:
 - Level 2.0 Fighting
 - Level 3.5 Ranged Weapons
 + Level 0.7 Armour
 - Level 1.5 Dodging
 - Level 1.0 Spellcasting
 - Level 2.6 Hexes


You had 3 spell levels left.
You knew the following spells:

 Your Spells              Type           Power      Damage    Failure   Level
a - Slow                  Hex            28%        N/A       22%         1

Your spell library contained the following spells:

 Spells                   Type           Power      Damage    Failure   Level
 Inner Flame              Hex/Fire       4%         N/A       75%         3
 Portal Projectile        Hex/Tloc       8%         N/A       75%         3
 Cause Fear               Hex            3%         N/A       92%         4

Inventory:

Hand Weapons
 Y - a +2 sling (weapon)
Armour
 b - a +0 pair of gloves (worn)
 k - a +0 ring mail (worn)
Scrolls
 a - a scroll of identify
Potions
 d - a potion of haste
 e - a potion of might {unknown}
 f - a potion of lignification {unknown}
 g - a potion of invisibility {unknown}
 h - a potion of mutation {unknown}
 i - a potion of magic {unknown}
 j - a potion of curing
 l - a potion of degeneration {unknown}

Dungeon Overview and Level Annotations

Branches:
Dungeon (3/15)

Altars:
Uskayaw

Annotations:
D:3 Robin


Message History

You start resting.
HP restored.
Done exploring.
(D) Dungeon
Where to? (* - list waypoints, Enter - D:3, ? - help)
What level of the Dungeon? (default 1, ? - help)
You climb downwards.
Level annotation: Robin The goblin hits you but does no damage.
The goblin hits you with a +0 club.
There is a stone staircase leading up here.
You shoot a sling bullet.
The sling bullet closely misses the goblin.
The sling bullet misses the adder.
The sling bullet hits the goblin.
The goblin is moderately wounded.
Robin throws the goblin at you!
The goblin hits you but does no damage. x2
The goblin barely misses you. The goblin hits you but does no damage.
The goblin hits you with a +0 club.
1459 ||| STAIRDANCE The goblin hits you but does no damage.
The goblin barely misses you. The goblin hits you but does no damage.
Robin roars a battlecry!
The goblins go into a battle-frenzy!
You climb upwards.
There is a stone staircase leading down here.
You shoot a sling bullet.
The sling bullet hits the goblin but does no damage.
The goblin hits you with a +0 club. x2; The goblin closely misses you.
You shoot a sling bullet. The sling bullet hits the goblin.
The goblin is severely wounded.
The goblin closely misses you. The goblin hits you with a +0 club.
The goblin closely misses you.
You shoot a sling bullet.
The sling bullet barely misses the goblin.
The goblin hits you but does no damage. The goblin hits you with a +0 club.
The goblin closely misses you.
The goblin hits you but does no damage. x2
The goblin hits you with a +0 club.
You shoot a sling bullet.
The sling bullet closely misses the goblin.
The goblin hits you with a +0 club. x2
You die...

#####..........#.#.#.........####
###............#.#...####.#......
###............#.#...<##.......##
###............#.#...........####
###............#.#........#..# #
###............#.##.......#..# #
###........##.##.##..#.##.#..# #
####...........#.##....##.#..# #
########.......g@)..(..)#.#..####
########.......)gg#####.#.#..##<.
########............###.#.#......
########.........................
#..........#######..........
#..........# #####..........
#..........###...#.#...####.
#.......%..........#...###..
#..................#........


You could see 3 goblins.

Vanquished Creatures
  A dart slug (D:2)
  4 ball pythons
  7 bats
  An endoplasm (D:1)
  9 goblins
  4 hobgoblins
  3 jackals (D:1)
  2 kobolds
  4 quokkas
  A frilled lizard (D:1)
  2 rats
38 creatures vanquished.

Notes
Turn   | Place    | Note
-------+----------+-------------------------------------------
     0 | D:1      | qw the Gargoyle Hexslinger began the quest for the Orb.
     0 | D:1      | Reached XP level 1. HP: 12/12 MP: 2/2
     0 | D:1      | 0 ||| qw: Version: 0.3-a-46-gb1f654a
     0 | D:1      | 0 ||| qw: Game counter: 3482
     0 | D:1      | 0 ||| qw: Melee chars always use a shield: true
     0 | D:1      | 0 ||| qw: God list: Okawaru
     0 | D:1      | 0 ||| qw: Allow faded altars: false
     0 | D:1      | 0 ||| qw: Do Orc after clearing Dungeon:15 true
     0 | D:1      | 0 ||| qw: Do second Lair branch before Depths: true
     0 | D:1      | 0 ||| qw: Lair rune preference: random
     0 | D:1      | 0 ||| qw: Goals: Normal
     0 | D:1      | 0 ||| PLANNING D:1-11
    98 | D:1      | Reached XP level 2. HP: 16/16 MP: 3/3
   275 | D:1      | Reached skill level 3 in Ranged Weapons
   376 | D:1      | Reached XP level 3. HP: 21/21 MP: 4/4
   625 | D:1      | 625 ||| UPGRADING to +0 ring mail.
   635 | D:1      | 635 ||| DROPPING +0 robe.
   636 | D:1      | 636 ||| READING 2 scrolls labelled OGOJOU TICIG.
   637 | D:1      | 637 ||| READING 2 scrolls labelled FYRUUXA TUXZALYCI.
   638 | D:1      | 638 ||| READING scroll labelled XAOF JUXZIY.
   639 | D:1      | 639 ||| READING scroll labelled WAUSSO SARUXUN.
   640 | D:1      | 640 ||| DRINKING 2 purple potions.
   641 | D:1      | 641 ||| DROPPING scroll of poison.
   642 | D:1      | 642 ||| DROPPING scroll of fear.
   702 | D:2      | Found a hide-covered altar of Uskayaw.
  1385 | D:2      | 1385 ||| UPGRADING to +0 pair of gloves.
  1390 | D:2      | 1390 ||| READING scroll labelled DYOFROO NERR.
  1391 | D:2      | 1391 ||| READING 2 scrolls of identify.
  1391 | D:2      | 1391 ||| IDENTIFYING bubbling sapphire potion
  1404 | D:3      | Noticed Robin
  1410 | D:3      | 1410 ||| STAIRDANCE
  1428 | D:3      | 1428 ||| STAIRDANCE
  1459 | D:3      | 1459 ||| STAIRDANCE
  1464 | D:2      | HP: 3/21 [goblin/+0 club[Robin] (4)]
  1464 | D:2      | Slain by a goblin

Levels and vault maps discovered:
D:1:      ncdulo_wetmaze, layout_basic, minmay_tiny_reverse_x
D:2:      layout_basic, basic_altar
D:3:      layout_rooms, uniq_robin

Skill      XL: |  1  2 |
---------------+-------+-----
Ranged Weapons | 3 |  3.5
Fighting       | 2 |  2.0
Armour         | |  0.7
Dodging        | |  1.5
Spellcasting   | |  1.0
Hexes          | |  2.6

Action                     || total
---------------------------++-------
   Fire: Sling             ||   119
    Use: Scroll            ||     6
         Potion            ||     1
 Armour: Robe              ||    22
         Ring mail         ||    31
  Dodge: Dodged            ||    51

Table legend:
 A = Non-vault XP
 B = Vault XP
 C = Vault XP percentage of total XP
 D = Non-vault monster count
 E = Vault monster count
 F = Vault count percentage of total count
                 A         B        C        D         E       F
            +---------+---------+-------+---------+---------+-------
      Total |      59 |      11 |  15.7 |      32 |       6 |  15.8
            +---------+---------+-------+---------+---------+-------
        D:1 |      33 |       4 |  10.8 |      18 |       2 |  10.0
        D:2 |      26 |       5 |  16.1 |      14 |       3 |  17.6
        D:3 |       0 |       2 | 100.0 |       0 |       1 | 100.0
            +---------+---------+-------+---------+---------+-------
